 Dungeon Crawl Stone Soup version 0.19-a0-811-gf4045fb (webtiles) character file.

25 Laraso the Firebug (level 3, 19/19 HPs)
             Began as a Kobold Fire Elementalist on June 28, 2016.
             Quit the game on level 1 of the Dungeon.
             The game lasted 00:02:25 (1192 turns).

Laraso the Firebug (Kobold Fire Elementalist)       Turns: 1192, Time: 00:02:25

Health: 19/19      AC:  3    Str:  6    XL:     3   Next: 20%
Magic:  6/6        EV: 15    Int: 14    God:
Gold:   39         SH:  0    Dex: 16    Spells: 2 memorised, 3 levels left

rFire  . . .     SeeInvis .     d - +0 dagger
rCold  . . .     Gourm    .     a - +0 robe
rNeg   . . .     Faith    .     (shield restricted)
rPois  .         Spirit   .     (no helmet)
rElec  .         Dismiss  .     (no cloak)
rCorr  .         Reflect  .     (no gloves)
SustAt .         Harm     .     (no boots)
MR     +....                    (no amulet)
Stlth  ++........               (no ring)
                                (no ring)

@: somewhat resistant to hostile enchantments, unstealthy
A: icy blue scales 1, carnivore 3, magic resistance 1, subdued magic 1
a: no special abilities


You were on level 1 of the Dungeon.
You were completely stuffed.

You visited 1 branch of the dungeon, and saw 1 of its levels.

You collected 39 gold pieces.

Inventory:

Hand Weapons
 d - a +0 dagger (weapon)
Armour
 a - a +0 robe (worn)
Scrolls
 g - a scroll of noise {unknown}
 h - a scroll of enchant weapon {unknown}
Books
 b - a book of Flames

   Spells                             Type                      Level
   a - Flame Tongue                   Conjuration/Fire             1
   b - Throw Flame                    Conjuration/Fire             2
   c - Conjure Flame                  Conjuration/Fire             3
   d - Inner Flame                    Hexes/Fire                   3
   e - Sticky Flame                   Conjuration/Fire             4
   f - Fireball                       Conjuration/Fire             5
Comestibles
 c - a meat ration


   Skills:
 - Level 2.4 Dodging
 - Level 2.6 Stealth
 - Level 2.0 Spellcasting
 * Level 2.6 Conjurations
 - Level 3.0 Fire Magic


You had 3 spell levels left.
You knew the following spells:

 Your Spells              Type           Power        Failure   Level  Hunger
a - Flame Tongue          Conj/Fire      #....        8%          1    ##.....
b - Throw Flame           Conj/Fire      #.....       12%         2    ###....


Dungeon Overview and Level Annotations

Branches:
Dungeon (1/15)

Altars:


Innate Abilities, Weirdness & Mutations

You are small and have problems with some larger weapons.
You are carnivorous and can eat meat at any time.
You are partially covered in icy blue scales. (AC +1)
You are resistant to hostile enchantments. (MR+)
Your spells are a little easier to cast, but a little less powerful.


Message History

Unknown command.
You see here a rat corpse.
You butcher the rat corpse.
h - 3 chunks of flesh (gained 1)
You start resting.
Your magical contamination has completely faded away.
You start resting.
MP restored: 6 Some of the chunks of flesh in your inventory have rotted away.
A rat comes into view.
A rat is nearby!
A rat is nearby!
Aim: a rat (hasn't noticed you)
The puff of flame misses the rat.
You now have 4/6 mp.
Unknown command.
Aim: a rat The puff of flame hits the rat.
You kill the rat!
You now have 2/6 mp.
Unknown command.
You start resting.
MP restored: 6 You see here a bread ration.
You see here a stone.
Found 26 stones.
You see here 26 stones.
You now have 39 gold pieces (gained 16).
Found a stone staircase leading down.
Eating a chunk of flesh.
You start eating the chunk of flesh.
You continue eating. x2
You finish eating.
This raw flesh tastes great.
A jackal comes into view.
The jackal barks!
You see here a scroll labeled XYRISUITAXT.
A jackal is nearby!
Aim: a jackal The puff of flame misses the jackal.
You now have 4/6 mp.
Unknown command.
Aim: a jackal The flame tongue hits the jackal.
You kill the jackal!
You now have 3/6 mp.
You can't see any susceptible monsters within range! (Use Z to cast anyway.) Unknown command.
Okay, then.
h - a scroll labeled XYRISUITAXT You start resting.
MP restored: 6
As you read the scroll labeled JOCO SAFEYPN, it crumbles to dust.
It is a scroll of identify.
i - a potion of mutation
As you read the scroll labeled BIASAA VIRO, it crumbles to dust.
You hear roaring flames.
It was a scroll of random uselessness.
You feel extremely strange.
You feel resistant to hostile enchantments.
Icy blue scales grow over part of your body.
Your connection to magic feels subdued.

### #..
#.######.
#........
#@.# #..#
..
#..###...#
#.........
##.###...#
#.# ## #.#
#.# #.#


There were no monsters in sight!

Vanquished Creatures
  An ooze (D:1)
  A bat (D:1)
  2 goblins (D:1)
  2 hobgoblins (D:1)
  4 jackals (D:1)
  A kobold (D:1)
  13 rats (D:1)
24 creatures vanquished.

Notes
Turn   | Place    | Note
--------------------------------------------------------------
     0 | D:1      | Laraso the Kobold Fire Elementalist began the quest for the Orb.
     0 | D:1      | Reached XP level 1. HP: 10/10 MP: 3/3
    16 | D:1      | Reached skill level 1 in Conjurations
   306 | D:1      | Reached XP level 2. HP: 15/15 MP: 3/5
   365 | D:1      | Learned a level 2 spell: Throw Flame
   372 | D:1      | Reached skill level 2 in Conjurations
   684 | D:1      | Reached XP level 3. HP: 9/19 MP: 0/6
  1191 | D:1      | Gained mutation: You are resistant to hostile enchantments. (MR+) [potion of mutation]
  1191 | D:1      | Gained mutation: You are partially covered in icy blue scales. (AC +1) [potion of mutation]
  1191 | D:1      | Gained mutation: Your spells are a little easier to cast, but a little less powerful. [potion of mutation]
  1192 | D:1      | Quit the game

Vault maps used:
D:1:      erik_arrival_orb_chamber

Skill      XL: |  1  2 |
---------------+-------+-----
Conjurations   | 1 2 |  2.6
Dodging        | |  2.4
Stealth        | |  2.6
Spellcasting   | |  2.0
Fire Magic     | |  3.0

Action                   || total
-------------------------++-------
Melee: Dagger            ||    24
 Cast: Flame Tongue      ||    27
       Throw Flame       ||    10
  Use: Scroll            ||     2
       Potion            ||     1
  Eat: Chunk             ||    11
Armor: Robe              ||     5
Dodge: Dodged            ||    33

Table legend:
 A = Kills in this place as a percentage of kills in entire the game.
 B = Kills by you in this place as a percentage of kills by you in the entire game.
 C = Kills by friends in this place as a percentage of kills by friends in the entire game.
 D = Other kills in this place as a percentage of other kills in the entire game.
 E = Experience gained in this place as a percentage of experience gained in the entire game.
 F = Experience gained in this place divided by the number of levels of this place that you have seen.
                   A       B       C       D       E      F
               +-------+-------+-------+-------+-------+----------------------
         Total | 100.0 | 100.0 |  -nan |  -nan | 100.0 |  37.0
       Dungeon | 100.0 | 100.0 |  -nan |  -nan | 100.0 |  37.0
               +-------+-------+-------+-------+-------+----------------------

Table legend:
 A = Turns spent in this place as a percentage of turns spent in the entire game.
 B = Non-inter-level travel turns spent in this place as a percentage of non-inter-level travel turns spent in the entire game.
 C = Inter-level travel turns spent in this place as a percentage of turns spent in this place.
 D = Turns resting spent in this place as a percentage of non-inter-level travel turns spent in this place.
 E = Turns spent auto-exploring this place as a percentage of non-inter-level travel turns spent in this place.
 F = Non-inter-level travel turns spent in this place divided by the number of levels of this place that you've seen.
                   A       B       C       D       E      F
               +-------+-------+-------+-------+-------+----------------------
         Total | 100.0 | 100.0 |   0.0 |  12.4 |   4.2 | 403.0
       Dungeon | 100.0 | 100.0 |   0.0 |  12.4 |   4.2 | 403.0
               +-------+-------+-------+-------+-------+----------------------

Vault maps used:
D:1:      erik_arrival_orb_chamber
